 Dungeon Crawl Stone Soup version 0.20-a0-795-ga03948b (webtiles) character file.

37 retryentry the Skirmisher (level 3, -27/29 HPs)
             Began as a Mummy Fighter on Mar 1, 2017.
             Killed from afar by Ijyb (29 damage)
             ... with a wand of lightning (?/15)
             ... on level 2 of the Dungeon.
             The game lasted 00:01:27 (803 turns).

retryentry the Skirmisher (Mummy Fighter)            Turns: 803, Time: 00:01:28

Health: -27/29     AC:  8    Str: 19    XL:     3   Next: 21%
Magic:  3/3        EV:  4    Int:  7    God:
Gold:   31         SH:  8    Dex: 12    Spells: 2/2 levels left

rFire    x . .     SeeInvis .   a - +0 long sword
rCold    + . .     Gourm    .   f - +0 chain mail
rNeg     + + +     Faith    .   c - +0 shield
rPois    ∞         Spirit   .   (no helmet)
rElec    .         Reflect  .   (no cloak)
rCorr    .         Harm     .   (no gloves)
MR       .....                  (no boots)
Stlth    ..........             (no amulet)
Regen    0.1/turn               (no ring)
MPRegen  0.1/turn               (no ring)

@: no status effects
A: no food or potions, fire vulnerability, cold resistance 1, negative energy
resistance 3, torment resistance, unbreathing
a: no special abilities


You were on level 2 of the Dungeon.
You were not hungry.

You visited 1 branch of the dungeon, and saw 2 of its levels.

You collected 31 gold pieces.

Inventory:

Hand Weapons
 a - a +0 long sword (weapon)
Missiles
 e - a throwing net (quivered)
Armour
 c - a +0 shield (worn)
 f - a +0 chain mail (worn)
Scrolls
 b - a scroll of teleportation {unknown}
 d - 2 scrolls of identify {unknown}


   Skills:
 - Level 3.0 Fighting
 + Level 3.0 Long Blades
 - Level 2.4 Armour
 - Level 2.4 Shields


You had 2 spell levels left.
You didn't know any spells.

Dungeon Overview and Level Annotations

Branches:
Dungeon (2/15)

Altars:

Annotations:
D:2 Ijyb


Innate Abilities, Weirdness & Mutations

You do not eat or drink.
Your flesh is vulnerable to fire.
You are immune to poison.
Your flesh is cold resistant. (rC+)
You are immune to negative energy. (rN+++)
You are immune to unholy pain and torment.
You can survive without breathing.


Message History

The goblin is moderately wounded.
You block the goblin's attack.
You barely miss the goblin.
The goblin is moderately wounded.
You block the goblin's attack.
You hit the goblin.
You kill the goblin!
The goblin hits you but does no damage. x2
You hit the goblin but do no damage. The goblin hits you but does no damage.
You closely miss Ijyb.
Ijyb is moderately wounded.
The goblin barely misses you.
Ijyb zaps a wand.
The bolt of lightning hits you!
Ouch! That really hurt!
* * * LOW HITPOINT WARNING * * *
It is a wand of lightning (?/15).
The goblin hits you with a club.
* * * LOW HITPOINT WARNING * * *
Ijyb screams, "Level is mine!
All mine!"
Ijyb zaps a wand.
The bolt of lightning hits you!
Ouch! That really hurt!
You die...

.............###..
.............# # .............#
.............# #.#
.......[.....# .# ............##
..## ....
....##......#######.#..# ...).
#####...............##.#?>....
######...#..@#####.#.%...$
##.......ggggg#..?..#
###...g#####.#.....# #
##############....###..........
#..........# ##.#..##....#.##.##
#..........####........###..#...
#.....................g.......$#
#..........####.........g.#...>#
#..........####................#


You could see Ijyb and 5 goblins.

Vanquished Creatures
  An ooze (D:2)
  2 dart slugs (D:1)
  A leopard gecko (D:1)
  3 goblins
  5 hobgoblins
  2 jackals (D:1)
  A quokka (D:2)
  2 ball pythons (D:1)
  3 bats (D:1)
  A frilled lizard (D:1)
  4 kobolds
  A rat (D:2)
26 creatures vanquished.

Notes
Turn   | Place    | Note
-------+----------+-------------------------------------------
     0 | D:1      | retryentry the Mummy Fighter began the quest for the Orb.
     0 | D:1      | Reached XP level 1. HP: 18/18 MP: 1/1
   233 | D:1      | Reached XP level 2. HP: 22/24 MP: 2/2
   687 | D:2      | Reached XP level 3. HP: 22/29 MP: 3/3
   774 | D:2      | Noticed Ijyb
   803 | D:2      | Killed from afar by Ijyb

Vault maps used:
D:1:      dpeg_arrival_round_b
D:2:      kennysheep_the_goblin_king, zin_purify,
          hangedman_abyss_or_decor_stabs, uniq_iyjb

Skill      XL: |  1  2  3 |
---------------+----------+-----
Long Blades    | 2 3 |  3.0
Fighting       | |  3.0
Armour         | |  2.4
Shields        | |  2.4

Action                   || total
-------------------------++-------
Melee: Long sword        ||   105
Armor: Scale mail        ||    37
       Chain mail        ||    19
Dodge: Dodged            ||    32
Block: Shield            ||    57
       Rpst.: Long sword ||     8
